 Dungeon Crawl Stone Soup version 0.31-a0-1522-g43313d8a59 (webtiles) character file.

Game seed: 11074353279278175320

42 Xavori the Trooper (level 3, 27/27 HPs)
             Began as a Djinni Chaos Knight on Dec 30, 2023.
             Was a Plaything of Xom.
             Quit the game on level 2 of the Dungeon.
             The game lasted 00:01:09 (10991 turns).

Xavori the Trooper (Djinni Chaos Knight)           Turns: 10991, Time: 00:01:10

Health: 27/27      AC:  3    Str: 10 (11) XL:     3   Next: 80%
Gold:   111        EV: 12    Int: 13      God:    Xom [..*...] SH:  0 Dex: 14

rFire   + + .        a - +0 falchion (chaos)
rCold   x . .        (no shield)
rNeg    . . .        b - +2 leather armour
rPois   ∞            (no helmet)
rElec   .            (no cloak)
rCorr   .            (no gloves)
SInv    .            (boots unavailable)
Will    ++...        (no amulet)
Stlth   +            g - ring of willpower
HPRegen 0.24/turn    (no ring)
MPRegen 0.00/turn

%: random rage (3%)
@: flying, bezotted
A: sickness immunity, fire resistance 2, cold vulnerability 1, float, innate
caster, HP casting, extra vitality 1, berserk 1, deformed body, frail 1,
strong-willed 1, screaming 1, evolution 1
a: Renounce Religion


You were on level 2 of the Dungeon.
You worshipped Xom.
You were a toy of Xom.
You visited 1 branch of the dungeon, and saw 2 of its levels.

You collected 111 gold pieces.

Inventory:

Hand Weapons
 a - a +0 falchion of chaos (weapon)
Armour
 b - a +2 leather armour (worn)
Jewellery
 g - a ring of willpower (left hand)
Scrolls
 c - a scroll of butterflies
 d - a scroll of enchant armour {unknown}
 f - a scroll of torment {unknown}
 h - a scroll of teleportation {unknown}
 i - a scroll of enchant weapon {unknown}
 j - 2 scrolls of identify {unknown}
 l - a scroll of fog {unknown}
 m - a scroll of revelation {unknown}
 n - a scroll of poison {unknown}
Potions
 e - a potion of invisibility {unknown}
 k - a potion of mutation {unknown}
 o - a potion of brilliance


   Skills:
 + Level 3.2 Fighting
 + Level 2.9 Long Blades
 + Level 1.5 Armour
 + Level 2.5 Dodging
 * Level 1.2 Spellcasting
 * Level 1.2 Conjurations
 * Level 1.2 Hexes
   Level 0.0 Charms
 * Level 1.2 Summonings
 * Level 1.2 Necromancy
 * Level 1.2 Translocations
   Level 0.0 Transmutations
 * Level 1.2 Fire Magic
 * Level 1.2 Ice Magic
 * Level 1.2 Air Magic
 * Level 1.2 Earth Magic
 * Level 1.2 Alchemy


You knew the following spells:

 Your Spells              Type           Power      Damage    Failure   Level
a - Sandblast             Erth           6%         2d5       22%         1
Your spell library was empty.

Dungeon Overview and Level Annotations

Branches:
Dungeon (2/15) Zot: 996

Altars:


Innate Abilities, Weirdness & Mutations

You are immune to sickness and miasma.
You are immune to poison.
Your flesh is very heat resistant. (rF++)
You are vulnerable to cold. (rC-)
You float through the air rather than walking.
You learn spells naturally, not from books.
Your magical power is your life essence.
You have superior vitality. (+4 MHP)
You sometimes lose your temper in combat.
Armour fits poorly on your strangely shaped body.
You are frail. (-10% HP)
You are strong-willed. (Will+)
You occasionally shout uncontrollably at your foes.
You have hidden genetic potential.


Message History

You are now a BORING thing.
You start waiting.
You are now a plaything of Xom.
You start waiting.
You start waiting.
You start waiting.
You start waiting.
You start waiting.
Xom's power almost touches on you for a moment.
A monocle briefly appears over your left eye.
You start waiting.
You start waiting.
You start waiting.
You are now a toy of Xom.
You start waiting.
You start waiting.
Done waiting.
You start waiting.
Done waiting.
You start waiting.
Done waiting.
You start waiting.
Done waiting.
You start waiting.
You start waiting.
You almost hear Xom's maniacal laughter.
Your leather armour briefly grows fur, then returns to normal.
You start waiting.
You start waiting.
You start waiting.
You have lingered too long.
Zot senses you.
Dive deeper or flee this branch before you suffer!
You fly downwards.
There is a stone staircase leading up here.
Unknown command.
Are you sure you want to abandon this character and quit the game? (Confirm with "yes".)
Okay, then.
Unknown command.
Unknown command.
Unknown command.
Are you sure you want to abandon this character and quit the game? (Confirm with "yes".)

# ####.#
#@...#
##.##..#
#..# #
#...##
#.### #.
. .. ##


There were no monsters in sight!

Vanquished Creatures
  A gnoll (D:1)
  2 dart slugs (D:1)
  A ribbon worm (D:2)
  5 ball pythons (D:1)
  3 bats (D:1)
  A giant cockroach (D:1)
  A goblin (D:1)
  2 hobgoblins (D:1)
  4 kobolds (D:1)
  A quokka (D:1)
  2 frilled lizards (D:1)
  4 rats (D:1)
27 creatures vanquished.

Vanquished Creatures (collateral kills)
  A bat (D:1)
  A frilled lizard (D:1)
  A rat (D:1)
3 creatures vanquished.

Grand Total: 30 creatures vanquished

Notes
Turn   | Place    | Note
-------+----------+-------------------------------------------
     0 | D:1      | Xavori the Djinni Chaos Knight began the quest for the Orb.
     0 | D:1      | Reached XP level 1. HP: 20/20 MP: 0/0
    92 | D:1      | Reached XP level 2. HP: 24/25 MP: 0/0
   113 | D:1      | XOM: silly message
   162 | D:1      | Reached XP level 3. HP: 15/30 MP: 0/0
   162 | D:1      | Learned a level 1 spell: Sandblast
   165 | D:1      | Reached skill level 1 in Spellcasting
   165 | D:1      | Reached skill level 1 in Conjurations
   165 | D:1      | Reached skill level 1 in Hexes
   165 | D:1      | Reached skill level 1 in Summonings
   165 | D:1      | Reached skill level 1 in Necromancy
   165 | D:1      | Reached skill level 1 in Translocations
   165 | D:1      | Reached skill level 1 in Fire Magic
   165 | D:1      | Reached skill level 1 in Ice Magic
   165 | D:1      | Reached skill level 1 in Air Magic
   165 | D:1      | Reached skill level 1 in Earth Magic
   165 | D:1      | Reached skill level 1 in Alchemy
  1026 | D:1      | XOM: silly message
  1195 | D:1      | XOM: god gift: staff of conjuration
  1538 | D:1      | XOM: silly message
  1580 | D:1      | XOM: silly message
  1836 | D:1      | XOM: silly message
  1956 | D:1      | XOM is BORED!
  3074 | D:1      | XOM: silly message
  3118 | D:1      | XOM: silly message
  4289 | D:1      | XOM is BORED!
  4289 | D:1      | XOM: noise
  4348 | D:1      | XOM: silly message
  4561 | D:1      | XOM: give mutations
  4561 | D:1      | Gained mutation: You are weak. (Str -2) [Xom's mischief]
  4561 | D:1      | Gained mutation: You are strong-willed. (Will+) [Xom's
                  | mischief]
  4561 | D:1      | Gained mutation: You are frail. (-10% HP) [Xom's mischief]
  4561 | D:1      | Gained mutation: Your spells are a little harder to cast,
                  | but a little more powerful. [Xom's mischief]
  4639 | D:1      | XOM: give mutations
  4639 | D:1      | Lost mutation: You are weak. (Str -2) [Xom's mischief]
  4639 | D:1      | Gained mutation: You occasionally shout uncontrollably at
                  | your foes. [Xom's mischief]
  4639 | D:1      | Gained mutation: Armour fits poorly on your strangely
                  | shaped body. [Xom's mischief]
  4639 | D:1      | Gained mutation: You sometimes lose your temper in combat.
                  | [Xom's mischief]
  5065 | D:1      | XOM: stat loss: -1 Str (10/11)
  5439 | D:1      | XOM: silly message
  5750 | D:1      | XOM: noise
  5845 | D:1      | XOM is BORED!
  5848 | D:1      | XOM: silly message
  5850 | D:1      | XOM: scenery: summon butterflies
  6195 | D:1      | XOM: god gift: staff of conjuration
  6312 | D:1      | XOM: give mutations
  6312 | D:1      | Lost mutation: Your spells are a little harder to cast, but
                  | a little more powerful. [Xom's mischief]
  6312 | D:1      | Gained mutation: You have hidden genetic potential. [Xom's
                  | mischief]
  6439 | D:1      | XOM: noise
  7536 | D:1      | XOM: noise
  8295 | D:1      | XOM is BORED!
  8295 | D:1      | XOM: silly message
  8589 | D:1      | XOM: divination: detect items
  8672 | D:1      | XOM: silly message
  8702 | D:1      | XOM: silly message
  9049 | D:1      | XOM: god gift: 50 gold pieces
  9390 | D:1      | XOM: cloud trail
  9443 | D:1      | XOM: god gift: 2 bubbling red potions {god gift}
  9671 | D:1      | XOM is BORED!
 10060 | D:1      | XOM: silly message
 10739 | D:1      | XOM: silly message
 10988 | D:1      | Glimpsed the power of Zot.
 10991 | D:2      | Quit the game

Illustrated notes

Levels and vault maps discovered:
D:1:      dpeg_arrival_tiny_a, layout_rooms
D:2:      layout_rooms, shapermc_ecumenical_altar_ellora, minmay_snake_closets

Skill      XL: |  1  2  3 |
---------------+----------+-----
Spellcasting   | 1 |  1.2
Conjurations   | 1 |  1.2
Hexes          | 1 |  1.2
Summonings     | 1 |  1.2
Necromancy     | 1 |  1.2
Translocations | 1 |  1.2
Fire Magic     | 1 |  1.2
Ice Magic      | 1 |  1.2
Air Magic      | 1 |  1.2
Earth Magic    | 1 |  1.2
Alchemy        | 1 |  1.2
Fighting       | |  3.2
Long Blades    | |  2.9
Armour         | |  1.5
Dodging        | |  2.5

Action                     || total
---------------------------++-------
  Melee: Falchion          ||    69
         Punch             ||     1
    Use: Potion            ||     1
   Stab: Distracted        ||     1
 Armour: Leather armour    ||    47
  Dodge: Dodged            ||    59

Table legend: (Time is in decaauts)
 A = Elapsed time spent in this place.
 B = Non-inter-level travel time spent in this place.
 C = Inter-level travel time spent in this place.
 D = Time resting spent in this place.
 E = Time spent auto-exploring this place.
 F = Levels seen in this place.
 G = Mean time per level.
                   A        B        C        D        E       F      G
               +--------+--------+--------+--------+--------+-----+--------+
         Total |  11003 |  10984 |     19 |  10314 |    489 |   2 | 5501.5 |
       Dungeon |  11003 |  10984 |     19 |  10314 |    489 |   2 | 5501.5 |
               +--------+--------+--------+--------+--------+-----+--------+

Top non-repeatable levels by time:
     D:1: 10943 daAuts
     D:2: 59 daAuts
